| TOP OF THE 1ST |
|
Pulaski Yankees batting - Pitching for Greeneville Astros : LHP Ruben Rojas
|
|
Pitching: LHP Ruben Rojas
|
|
|
Batting: LHB Joel Vera
|
0-0: Ball 1-0: Called Strike 1-1: Called Strike 1-2: Ball 2-2: Fly out, F9 (Flyball, 9LD, EV 91.9 MPH)
|
|
Batting: LHB Dan Morris
|
0-0: Ball 1-0: Ball 2-0: Ball 3-0: Base on Balls
|
|
Batting: RHB Bobby Melillo
|
0-0: Ball 1-0: Ball 2-0: Ball Dan Morris steals 2nd base 3-0: Base on Balls
|
|
Batting: SHB Blake Abbott
|
0-0: Swinging Strike 0-1: Swinging Strike 0-2: Strikes out swinging
|
|
Batting: RHB Tim Osborn
|
0-0: Called Strike 0-1: Swinging Strike 0-2: Ball 1-2: Ball 2-2: Strikes out looking
|
| Top of the 1st over - 0 runs, 0 hits, 0 errors, 2 left on base; Pulaski 0 - Greeneville 0 |
| BOTTOM OF THE 1ST |
|
Greeneville Astros batting - Pitching for Pulaski Yankees : RHP Eric Aguilar
|
|
Pitching: RHP Eric Aguilar
|
|
|
Batting: LHB Lou Toth
|
0-0: Ground out 6-3 (Groundball, 6, EV 85.6 MPH)
|
|
Batting: RHB Edgar Trejo
|
0-0: Foul Ball, location: 2F 0-1: Ball 1-1: Called Strike 1-2: SINGLE (Groundball, 34D, EV 101.9 MPH)
|
|
Batting: LHB Josh Birkner
|
0-0: Called Strike 0-1: Ball 1-1: Ball 2-1: Hit by Pitch Edgar Trejo to second
|
|
Batting: RHB Ryan Salas
|
0-0: Fly out, F9 (Flyball, 9LM, EV 103.8 MPH) Runner from 2nd tags up, SAFE at 3rd, no throw by RF
|
|
Batting: RHB Sean Mounts
|
0-0: Ball 1-0: Ground out 5-3 (Groundball, 25, EV 83.1 MPH)
|
| Bottom of the 1st over - 0 runs, 1 hit, 0 errors, 2 left on base; Pulaski 0 - Greeneville 0 |
| TOP OF THE 2ND |
|
Pulaski Yankees batting - Pitching for Greeneville Astros : LHP Ruben Rojas
|
|
Batting: RHB Nick Dunton
|
0-0: Swinging Strike 0-1: Foul Ball, location: 2F 0-2: SINGLE (Groundball, 6MD, EV 102.5 MPH)
|
|
Batting: RHB Johannes Gutermuth
|
0-0: Ball 1-0: DOUBLE (Line Drive, 78D, EV 108.8 MPH) Nick Dunton to third
|
|
Batting: RHB Jordan Barragan
|
0-0: Ball 1-0: Ball 2-0: Ball 3-0: Called Strike 3-1: Base on Balls
|
|
Batting: RHB Graham Murphy
|
0-0: Ball 1-0: Foul Ball, location: 2F 1-1: Ball 2-1: Swinging Strike 2-2: Foul Ball, location: 2F 2-2: Ball 3-2: Foul Ball, location: 2F 3-2: Foul Ball, location: 2F 3-2: Strikes out swinging
|
|
Batting: LHB Joel Vera
|
0-0: Called Strike 0-1: Swinging Strike 0-2: Foul Ball, location: 2F 0-2: Strikes out swinging
|
|
Batting: LHB Dan Morris
|
0-0: SINGLE (Groundball, 25, EV 71.9 MPH) (infield hit) Nick Dunton scores Johannes Gutermuth to third Jordan Barragan to second
|
|
Batting: RHB Bobby Melillo
|
0-0: Called Strike 0-1: Ball 1-1: Fielders Choice at 2nd, 6-4 (Groundball, 6, EV 90.0 MPH)
|
| Top of the 2nd over - 1 run, 3 hits, 0 errors, 3 left on base; Pulaski 1 - Greeneville 0 |
| BOTTOM OF THE 2ND |
|
Greeneville Astros batting - Pitching for Pulaski Yankees : RHP Eric Aguilar
|
|
Batting: RHB Workneh Lagat
|
0-0: Swinging Strike 0-1: Ball 1-1: Foul Ball, location: 2F 1-2: Foul Ball, location: 2F 1-2: Ball 2-2: Foul Ball, location: 2F 2-2: Foul Ball, location: 2F 2-2: Ball 3-2: Strikes out looking
|
|
Batting: LHB Jackson Trottier
|
0-0: Called Strike 0-1: Ball 1-1: Ball 2-1: Fly out, F5 (Flyball, 5D, EV 83.1 MPH)
|
|
Batting: RHB Gabe Allen
|
0-0: Swinging Strike 0-1: Ball 1-1: Called Strike 1-2: Ball 2-2: Strikes out swinging
|
| Bottom of the 2nd over - 0 runs, 0 hits, 0 errors, 0 left on base; Pulaski 1 - Greeneville 0 |
| TOP OF THE 3RD |
|
Pulaski Yankees batting - Pitching for Greeneville Astros : LHP Ruben Rojas
|
|
Batting: SHB Blake Abbott
|
0-0: Ball 1-0: Fly out, F3 (Popup, 3S, EV 72.5 MPH)
|
|
Batting: RHB Tim Osborn
|
0-0: Ball 1-0: Foul Ball, location: 2F 1-1: Foul Ball, location: 2F 1-2: Strikes out swinging
|
|
Batting: RHB Nick Dunton
|
0-0: Called Strike 0-1: SINGLE (Flyball, 5D, EV 96.3 MPH)
|
|
Batting: RHB Johannes Gutermuth
|
0-0: Called Strike 0-1: Foul Ball, location: 2F 0-2: Strikes out swinging
|
| Top of the 3rd over - 0 runs, 1 hit, 0 errors, 1 left on base; Pulaski 1 - Greeneville 0 |
| BOTTOM OF THE 3RD |
|
Greeneville Astros batting - Pitching for Pulaski Yankees : RHP Eric Aguilar
|
|
Batting: RHB Guo-ning Chen
|
0-0: Ball 1-0: Called Strike 1-1: Called Strike 1-2: Ball 2-2: Strikes out looking
|
|
Batting: LHB Lou Toth
|
0-0: Called Strike 0-1: Foul Ball, location: 2F 0-2: Ball 1-2: Strikes out swinging
|
|
Batting: RHB Edgar Trejo
|
0-0: Foul Ball, location: 2F 0-1: Foul Ball, location: 2F 0-2: Ball 1-2: Strikes out looking
|
| Bottom of the 3rd over - 0 runs, 0 hits, 0 errors, 0 left on base; Pulaski 1 - Greeneville 0 |
| TOP OF THE 4TH |
|
Pulaski Yankees batting - Pitching for Greeneville Astros : LHP Ruben Rojas
|
|
Batting: RHB Jordan Barragan
|
0-0: Ball 1-0: Ball 2-0: Called Strike 2-1: Foul Ball, location: 2F 2-2: Strikes out swinging, 2-3 out at first.
|
|
Pitching: RHP Ray Fernandez
|
|
|
Batting: RHB Graham Murphy
|
0-0: Called Strike 0-1: Called Strike 0-2: Ball 1-2: Foul Ball, location: 2F 1-2: Ground out 4-3 (Groundball, 34, EV 108.8 MPH)
|
|
Batting: LHB Joel Vera
|
0-0: Ball 1-0: Ball 2-0: Called Strike 2-1: Ball 3-1: Swinging Strike 3-2: Base on Balls
|
|
Batting: LHB Dan Morris
|
0-0: Ball Joel Vera steals 2nd base 1-0: Foul Ball, location: 2F 1-1: Foul Ball, location: 2F 1-2: 2-RUN HOME RUN (Flyball, 89XD, EV 99.4 MPH), Distance : 390 ft
|
|
Batting: RHB Bobby Melillo
|
0-0: Ball 1-0: SINGLE (Groundball, 25, EV 73.1 MPH) (infield hit)
|
|
Batting: SHB Blake Abbott
|
0-0: Called Strike Bobby Melillo steals 2nd base 0-1: Ball 1-1: Ball 2-1: Called Strike 2-2: Ball 3-2: 2-RUN HOME RUN (Flyball, 9LD, EV 91.3 MPH), Distance : 333 ft
|
|
Batting: RHB Tim Osborn
|
0-0: Swinging Strike 0-1: Called Strike 0-2: Ball 1-2: SINGLE (Groundball, 6D, EV 104.4 MPH)
|
|
Batting: RHB Nick Dunton
|
0-0: Called Strike 0-1: Ball Passed Ball! Tim Osborn to second 1-1: Foul Ball, location: 2F 1-2: Ball 2-2: Ball 3-2: 2-RUN HOME RUN (Flyball, 7D, EV 97.5 MPH), Distance : 386 ft
|
|
Batting: RHB Johannes Gutermuth
|
0-0: SINGLE (Flyball, 34D, EV 96.9 MPH)
|
|
Batting: RHB Jordan Barragan
|
0-0: Ball Johannes Gutermuth steals 2nd, throwing error, E2 Johannes Gutermuth to third 1-0: Fly out, F8 (Flyball, 8LM, EV 84.4 MPH)
|
| Top of the 4th over - 6 runs, 6 hits, 1 error, 1 left on base; Pulaski 7 - Greeneville 0 |
| BOTTOM OF THE 4TH |
|
Greeneville Astros batting - Pitching for Pulaski Yankees : RHP Eric Aguilar
|
|
Batting: LHB Josh Birkner
|
0-0: Ball 1-0: Swinging Strike 1-1: Fly out, F5 (Popup, 5, EV 58.8 MPH)
|
|
Batting: RHB Ryan Salas
|
0-0: Swinging Strike 0-1: Swinging Strike 0-2: Foul Ball, location: 2F 0-2: Hit by Pitch
|
|
Batting: RHB Sean Mounts
|
0-0: Ball 1-0: Called Strike 1-1: Called Strike 1-2: Strikes out swinging
|
|
Batting: RHB Workneh Lagat
|
0-0: Ball 1-0: Ball 2-0: Ball 3-0: Called Strike 3-1: Called Strike 3-2: Foul Ball, location: 2F 3-2: Ground out 6-3 (Groundball, 6, EV 88.1 MPH)
|
| Bottom of the 4th over - 0 runs, 0 hits, 0 errors, 1 left on base; Pulaski 7 - Greeneville 0 |
| TOP OF THE 5TH |
|
Pulaski Yankees batting - Pitching for Greeneville Astros : RHP Ray Fernandez
|
|
Batting: RHB Graham Murphy
|
0-0: Ball 1-0: Fly out, F9 (Flyball, 9D, EV 105.6 MPH)
|
|
Batting: LHB Joel Vera
|
0-0: Ball 1-0: Ball 2-0: Ball 3-0: Base on Balls
|
|
Batting: LHB Dan Morris
|
Balk! Joel Vera to second 0-0: SINGLE (Groundball, 4D, EV 94.4 MPH) Joel Vera to third Runner from 3rd tries for Home, SAFE, throw by CF to home
|
|
Batting: RHB Bobby Melillo
|
0-0: SINGLE (Groundball, 56S, EV 64.4 MPH) (infield hit) Dan Morris to second
|
|
Batting: SHB Blake Abbott
|
0-0: Ball 1-0: Ball 2-0: Ball 3-0: Base on Balls Dan Morris to third Bobby Melillo to second
|
|
Batting: RHB Tim Osborn
|
0-0: Called Strike 0-1: Ball 1-1: Fly out, F5 (Popup, 56S, EV 70.0 MPH)
|
|
Batting: RHB Nick Dunton
|
0-0: Foul Ball, location: 2F 0-1: DOUBLE (Groundball, 3L, EV 111.9 MPH) Dan Morris scores Bobby Melillo scores Blake Abbott to third
|
|
Pitching: RHP Danny Jensen
|
|
|
Batting: RHB Johannes Gutermuth
|
0-0: SINGLE (Groundball, 34D, EV 105.0 MPH) Blake Abbott scores Nick Dunton to third Runner from 3rd tries for Home, SAFE, throw by RF to home
|
|
Batting: RHB Jordan Barragan
|
0-0: Ball Wild Pitch! Johannes Gutermuth to second 1-0: Swinging Strike 1-1: Reached on error, E6 (Groundball, 6M, EV 103.8 MPH) Johannes Gutermuth to third
|
|
Batting: RHB Graham Murphy
|
0-0: Called Strike 0-1: Foul Ball, location: 2F 0-2: Ball 1-2: Ground out 5-3 (Groundball, 56, EV 111.9 MPH)
|
| Top of the 5th over - 5 runs, 4 hits, 1 error, 2 left on base; Pulaski 12 - Greeneville 0 |
| BOTTOM OF THE 5TH |
|
Greeneville Astros batting - Pitching for Pulaski Yankees : RHP Eric Aguilar
|
|
Batting: LHB Jackson Trottier
|
0-0: Foul Ball, location: 2F 0-1: Ball 1-1: Ball 2-1: Called Strike 2-2: Ground out 6-3 (Groundball, 6M, EV 80.6 MPH)
|
|
Batting: RHB Gabe Allen
|
0-0: Ball 1-0: Foul Ball, location: 2F 1-1: Foul Ball, location: 2F 1-2: Strikes out looking
|
|
Batting: RHB Guo-ning Chen
|
0-0: Called Strike 0-1: Called Strike 0-2: Strikes out swinging
|
| Bottom of the 5th over - 0 runs, 0 hits, 0 errors, 0 left on base; Pulaski 12 - Greeneville 0 |
| TOP OF THE 6TH |
|
Pulaski Yankees batting - Pitching for Greeneville Astros : RHP Danny Jensen
|
|
Batting: LHB Joel Vera
|
0-0: Ball 1-0: Foul Ball, location: 2F 1-1: Swinging Strike 1-2: DOUBLE (Flyball, 78D, EV 105.6 MPH)
|
|
Batting: LHB Dan Morris
|
0-0: Ball 1-0: SINGLE (Line Drive, 78S, EV 107.5 MPH) Joel Vera to third Runner from 3rd tries for Home, SAFE, throw by CF to home
|
|
Batting: RHB Bobby Melillo
|
0-0: Foul Ball, location: 2F 0-1: Ball 1-1: Foul Ball, location: 2F 1-2: Ball 2-2: Ball 3-2: Fly out, F9 (Flyball, 89M, EV 91.3 MPH)
|
|
Pitching: RHP Mike Koch
|
|
|
Batting: SHB Blake Abbott
|
0-0: Called Strike 0-1: SINGLE (Line Drive, 8RS, EV 94.4 MPH) Dan Morris to second
|
|
Batting: RHB Tim Osborn
|
0-0: Ball 1-0: Foul Ball, location: 2F 1-1: Ball 2-1: Ball 3-1: Base on Balls Dan Morris to third Blake Abbott to second
|
|
Batting: RHB Nick Dunton
|
0-0: Foul Ball, location: 2F 0-1: Ball 1-1: Foul Ball, location: 2F 1-2: Ball 2-2: Foul Ball, location: 2F 2-2: Fielders Choice at 2nd, 5-4 (Groundball, 5, EV 111.3 MPH) Dan Morris scores Blake Abbott to third
|
|
Batting: RHB Johannes Gutermuth
|
0-0: Called Strike 0-1: DOUBLE (Line Drive, 7LS, EV 90.6 MPH) Blake Abbott scores Nick Dunton to third Runner from 3rd tries for Home, SAFE, throw by LF to trailing runner, OUT at third! 7-3-5
|
| Top of the 6th over - 4 runs, 4 hits, 0 errors, 0 left on base; Pulaski 16 - Greeneville 0 |
| BOTTOM OF THE 6TH |
|
Greeneville Astros batting - Pitching for Pulaski Yankees : RHP Eric Aguilar
|
|
Batting: LHB Lou Toth
|
0-0: Ball 1-0: Called Strike 1-1: Swinging Strike 1-2: Strikes out swinging
|
|
Batting: RHB Edgar Trejo
|
0-0: Ball 1-0: Ball 2-0: Called Strike 2-1: Foul Ball, location: 2F 2-2: Foul Ball, location: 2F 2-2: Fly out, F8 (Flyball, 78M, EV 91.9 MPH)
|
|
Batting: LHB Josh Birkner
|
0-0: Called Strike 0-1: Ball 1-1: Fly out, F8 (Flyball, 8RD, EV 96.3 MPH)
|
| Bottom of the 6th over - 0 runs, 0 hits, 0 errors, 0 left on base; Pulaski 16 - Greeneville 0 |
| TOP OF THE 7TH |
|
Pulaski Yankees batting - Pitching for Greeneville Astros : RHP Mike Koch
|
|
Batting: RHB Jordan Barragan
|
0-0: Ball 1-0: Fly out, F6 (Popup, 6MD, EV 74.4 MPH)
|
|
Batting: RHB Graham Murphy
|
0-0: Ball 1-0: Ball 2-0: Ball 3-0: Base on Balls
|
|
Pitching: RHP Greg Otto
|
|
|
Batting: LHB Joel Vera
|
Pickoff Throw to First - Out! 1-3 0-0: Foul Ball, location: 2F 0-1: Ball 1-1: Foul Ball, location: 2F 1-2: Ball 2-2: TRIPLE (Flyball, 78XD, EV 111.3 MPH)
|
|
Batting: LHB Dan Morris
|
0-0: Ball 1-0: Swinging Strike 1-1: Ball 2-1: Ball 3-1: Base on Balls
|
|
Pinch Hitting: RHB Colby Macon
|
0-0: Ball 1-0: Foul Ball, location: 2F 1-1: Ball 2-1: Ball 3-1: Base on Balls Dan Morris to second
|
|
Pinch Hitting: RHB John Sabean
|
0-0: Ball 1-0: Ball 2-0: Called Strike 2-1: Ball 3-1: Base on Balls Joel Vera scores Dan Morris to third Colby Macon to second
|
|
Pitching: RHP Oscar Andrade
|
|
|
Batting: RHB Tim Osborn
|
0-0: Swinging Strike 0-1: Ball 1-1: Foul Ball, location: 2F 1-2: Ground out 4-3 (Groundball, 4S, EV 88.8 MPH)
|
| Top of the 7th over - 1 run, 1 hit, 0 errors, 3 left on base; Pulaski 17 - Greeneville 0 |
| BOTTOM OF THE 7TH |
|
Greeneville Astros batting - Pitching for Pulaski Yankees : RHP Eric Aguilar
|
|
Now at 2B: Colby Macon
|
|
|
Now in LF: Joe Fure
|
|
|
Batting: RHB Ryan Salas
|
0-0: Called Strike 0-1: Swinging Strike 0-2: Foul Ball, location: 2F 0-2: Ground out 4-3 (Groundball, 4, EV 103.8 MPH)
|
|
Batting: RHB Sean Mounts
|
0-0: Called Strike 0-1: Ball 1-1: Foul Ball, location: 2F 1-2: Strikes out swinging
|
|
Batting: RHB Workneh Lagat
|
0-0: Foul Ball, location: 2F 0-1: Foul Ball, location: 2F 0-2: Foul Ball, location: 2F 0-2: Ball 1-2: Ball 2-2: Strikes out looking
|
| Bottom of the 7th over - 0 runs, 0 hits, 0 errors, 0 left on base; Pulaski 17 - Greeneville 0 |
| TOP OF THE 8TH |
|
Pulaski Yankees batting - Pitching for Greeneville Astros : RHP Oscar Andrade
|
|
Batting: RHB Nick Dunton
|
0-0: Ball 1-0: Ball 2-0: Called Strike 2-1: Ball 3-1: Base on Balls
|
|
Batting: RHB Johannes Gutermuth
|
0-0: Ball 1-0: Ball 2-0: Ball 3-0: Base on Balls Nick Dunton to second
|
|
Batting: RHB Jordan Barragan
|
0-0: Fly out, F8 (Flyball, 8RS, EV 88.1 MPH)
|
|
Batting: RHB Graham Murphy
|
0-0: Foul Ball, location: 2F 0-1: SINGLE (Groundball, 56D, EV 107.5 MPH) Nick Dunton to third Johannes Gutermuth to second Runner from 3rd tries for Home, throw by LF and OUT! 7-2 Johannes Gutermuth to third Graham Murphy to second
|
|
Batting: LHB Joel Vera
|
0-0: Called Strike 0-1: Called Strike 0-2: SINGLE (Groundball, 4D, EV 96.9 MPH) Johannes Gutermuth scores Graham Murphy to third Runner from 3rd tries for Home, SAFE, throw by CF to home
|
|
Pitching: RHP James Browning
|
|
|
Batting: LHB Dan Morris
|
0-0: Called Strike 0-1: Foul Ball, location: 2F 0-2: Ball 1-2: Ground out 4-3 (Groundball, 4, EV 82.5 MPH)
|
| Top of the 8th over - 2 runs, 2 hits, 0 errors, 1 left on base; Pulaski 19 - Greeneville 0 |
| BOTTOM OF THE 8TH |
|
Greeneville Astros batting - Pitching for Pulaski Yankees : RHP Eric Aguilar
|
|
Pitching: RHP Harry McCasland
|
|
|
Batting: LHB Jackson Trottier
|
0-0: Called Strike 0-1: Ball 1-1: Swinging Strike 1-2: Strikes out swinging
|
|
Batting: RHB Gabe Allen
|
0-0: Ball 1-0: Ball 2-0: SINGLE (Groundball, 56S, EV 62.5 MPH) (infield hit)
|
|
Batting: RHB Guo-ning Chen
|
0-0: Ball 1-0: Called Strike 1-1: Swinging Strike 1-2: Strikes out swinging
|
|
Batting: LHB Lou Toth
|
0-0: Called Strike 0-1: Ball 1-1: Ground out 4-3 (Groundball, 4, EV 103.1 MPH)
|
| Bottom of the 8th over - 0 runs, 1 hit, 0 errors, 1 left on base; Pulaski 19 - Greeneville 0 |
| TOP OF THE 9TH |
|
Pulaski Yankees batting - Pitching for Greeneville Astros : RHP James Browning
|
|
Pinch Hitting: RHB Roberto Tena
|
0-0: Ball 1-0: Ball 2-0: Foul Ball, location: 2F 2-1: Called Strike 2-2: Reached on error, E6 (Groundball, 6, EV 84.4 MPH)
|
|
Batting: SHB Joe Fure
|
0-0: Swinging Strike 0-1: Called Strike 0-2: Ball 1-2: Ball 2-2: Strikes out swinging
|
|
Batting: RHB Tim Osborn
|
0-0: Swinging Strike 0-1: Ball 1-1: Ball 2-1: Foul Ball, location: 2F 2-2: Strikes out swinging
|
|
Batting: RHB Nick Dunton
|
Pickoff Throw to First - Error! E1 Roberto Tena to second 0-0: Ball 1-0: Ball 2-0: Foul Ball, location: 2F 2-1: Foul Ball, location: 2F 2-2: Ball 3-2: Base on Balls
|
|
Batting: RHB Johannes Gutermuth
|
0-0: Ball 1-0: Foul Ball, location: 2F 1-1: Called Strike 1-2: Strikes out swinging
|
| Top of the 9th over - 0 runs, 0 hits, 2 errors, 2 left on base; Pulaski 19 - Greeneville 0 |
| BOTTOM OF THE 9TH |
|
Greeneville Astros batting - Pitching for Pulaski Yankees : RHP Harry McCasland
|
|
Now at 2B: Roberto Tena
|
|
|
Batting: RHB Edgar Trejo
|
0-0: Foul Ball, location: 2F 0-1: Ball 1-1: Swinging Strike 1-2: Ball 2-2: Fly out, F6 (Popup, 6S, EV 83.8 MPH)
|
|
Batting: LHB Josh Birkner
|
0-0: Ball 1-0: SINGLE (Groundball, 6MD, EV 98.8 MPH)
|
|
Batting: RHB Ryan Salas
|
0-0: Called Strike 0-1: Called Strike 0-2: Strikes out looking
|
|
Batting: RHB Sean Mounts
|
0-0: Called Strike 0-1: Called Strike 0-2: Ball 1-2: Strikes out looking
|
| Bottom of the 9th over - 0 runs, 1 hit, 0 errors, 1 left on base; Pulaski 19 - Greeneville 0 |
|